 Dungeon Crawl Stone Soup version 0.30-a0-373-gd37427bb62 (webtiles) character file.

Game seed: 11848471150827354970

11420 snetch the Cleaver (level 11, -15/151 HPs)
             Began as a Minotaur Berserker on Nov 23, 2022.
             Was a High Priest of Trog.
             Demolished by a shadow (31 damage)
             ... on level 11 of the Dungeon.
             The game lasted 00:39:37 (9822 turns).

snetch the Cleaver (Minotaur Berserker)             Turns: 9822, Time: 00:39:37

Health: -15/151    AC: 18    Str: 27    XL:     11   Next: 49%
Magic:  10/10      EV:  7    Int:  9    God:    Trog [*****.]
Gold:   538        SH:  5    Dex:  5    Spells: 10/10 levels left

rFire   . . .      SeeInvis .    a - +2 war axe (elec)
rCold   . . .      Faith    +    T - +0 kite shield
rNeg    + . .      Spirit   .    w - +0 chain mail
rPois   .          Reflect  .    (helmet restricted)
rElec   .          Harm     .    i - +0 cloak
rCorr   .          Rampage  .    g - +0 pair of gloves "Xeusoff" {rN+ Int+5 Dex-4}
Will    ++...                    (no boots)
Stlth   ..........               m - amulet of faith
HPRegen 1.45/turn                l - +4 ring of protection
MPRegen 0.12/turn                (no ring)

@: berserking, strong-willed (expiring), regenerating (expiring), very quick
A: horns 2, retaliatory headbutt
a: Renounce Religion, Berserk, Trog's Hand, Brothers in Arms


You were on level 11 of the Dungeon.
You worshipped Trog.
Trog was extremely pleased with you.
You visited 2 branches of the dungeon, and saw 12 of its levels.
You also visited: Sewer.

You collected 538 gold pieces.

Inventory:

Hand Weapons
 a - a +2 war axe of electrocution (weapon)
 b - a +0 whip of venom
 c - the +6 trident of Keshrax {holy, Int+2}
   (You found it on level 8 of the Dungeon)

   It has been blessed by the Shining One to cause great damage to the undead
   and demons.
   Int:       It affects your intelligence (+2).
 d - a +3 trident of freezing
 e - a +7 spear of flaming
 N - a +3 battleaxe
 O - a +1 halberd of freezing
 W - a +2 flail
Missiles
 f - 2 javelins
 I - a throwing net
 M - 11 boomerangs
 Q - 38 poisoned darts (quivered)
 U - a curare-tipped dart
 Y - 122 stones
Armour
 g - the +0 pair of gloves "Xeusoff" (worn) {rN+ Int+5 Dex-4}
   (You found it on level 2 of the Dungeon)

   Int:       It affects your intelligence (+5).
   Dex:       It affects your dexterity (-4).
   rN:        It protects you from negative energy.
 i - a +0 cloak (worn)
 w - a +0 chain mail (worn)
 z - the +5 ring mail of Pandemonium {*Corrode rC- rN+ Str+6}
   (You found it on level 3 of the Dungeon)

   Str:       It affects your strength (+6).
   rC:        It makes you vulnerable to cold.
   rN:        It protects you from negative energy.
   *Corrode:  It may corrode you when you take damage.
 D - the +1 plate armour of the Frog {rPois rF- rC++ rN+++}
   (You took it off a kobold on level 4 of the Dungeon)

   rF:        It makes you vulnerable to fire.
   rC:        It greatly protects you from cold.
   rPois:     It protects you from poison.
   rN:        It renders you almost immune to negative energy.
 T - a +0 kite shield (worn)
Jewellery
 l - a +4 ring of protection (left hand)
 m - an amulet of faith (around neck)
Wands
 S - a wand of iceblast (3)
Scrolls
 j - 2 scrolls of enchant weapon {unknown}
 k - a scroll of butterflies {unknown}
 n - 2 scrolls of enchant armour {unknown}
 o - a scroll of amnesia {unknown}
 p - 5 scrolls of blinking
 r - 5 scrolls of fear
 x - a scroll of poison {unknown}
 y - 4 scrolls of teleportation {unknown}
 C - 3 scrolls of vulnerability {unknown}
 E - 4 scrolls of immolation {unknown}
 G - 7 scrolls of identify {unknown}
 P - 2 scrolls of noise {unknown}
 X - a scroll of torment {unknown}
Potions
 h - 3 potions of might {unknown}
 q - 5 potions of heal wounds {unknown}
 s - 4 potions of curing
 t - 2 potions of lignification {unknown}
 u - 3 potions of flight {unknown}
 v - 3 potions of degeneration {unknown}
 B - 4 potions of invisibility {unknown}
 F - a potion of brilliance {unknown}
 H - a potion of resistance {unknown}
 J - a potion of magic {unknown}
 K - 2 potions of mutation {unknown}
 R - 3 potions of attraction {unknown}
 V - a potion of cancellation {unknown}


   Skills:
 + Level 10.6 Fighting
 + Level 13.5(14.2) Axes
 + Level 7.0(11.2) Maces & Flails
 + Level 2.2 Throwing
 + Level 10.7 Armour
 + Level 5.7 Dodging
 + Level 1.7 Stealth
 + Level 0.8 Shields


You had 10 spell levels left.
You didn't know any spells.
Your spell library contained the following spells:

 Spells                   Type           Power      Damage    Failure   Level
 Beastly Appendage        Tmut           0%         N/A       99%         1
 Summon Small Mammal      Summ           0%         N/A       99%         1
 Blink                    Tloc           0%         N/A       100%        2
 Cigotuvi's Dreadful Rot  Necr/Pois/Air  0%         N/A       100%        2
 Momentum Strike          Conj/Tloc      0%         3d8       100%        2
 Poisonous Vapours        Pois/Air       0%         N/A       100%        2
 Wereblood                Tmut           0%         N/A       100%        2
 Call Canine Familiar     Summ           0%         N/A       100%        3
 Lesser Beckoning         Tloc           0%         N/A       100%        3
 Mephitic Cloud           Conj/Pois/Air  0%         N/A       100%        3
 Spider Form              Tmut/Pois      0%         N/A       100%        3
 Summon Guardian Golem    Hex/Summ       0%         N/A       100%        3
 Anguish                  Hex/Necr       0%         N/A       100%        4
 Shatter                  Erth           0%         3d5*      100%        9


Dungeon Overview and Level Annotations

Branches:
Dungeon (11/15)            Temple (1/1) D:4            Lair (0/5) D:11
    Orc (0/2) D:11          Sewer (visited)

Altars:
Ashenzari
Cheibriados
Dithmenos
Elyvilon
Fedhas
Gozag
Hepliaklqana
Makhleb
Okawaru
Qazlal
Ru
Sif Muna
Trog
Uskayaw
Vehumet
Wu Jian
Xom
Yredelemnul
Zin
The Shining One


Innate Abilities, Weirdness & Mutations

You have a pair of horns on your head.
You reflexively headbutt those who attack you in melee.


Message History

You closely miss the orc. You hit the shadow but do no damage.
You closely miss the warg. You slash the warg!
You kill the warg!
Trog accepts your kill. The warg bites you.
* * * LOW HITPOINT WARNING * * *
The shadow barely misses you. You block the warg's attack.
You barely miss the warg. Your headbutt misses the warg.
The warg is almost dead.
You hit the orc wizard.
Lightning courses through the orc wizard!
You slash the shadow! You closely miss the warg. You slash the orc!
You kill the orc!
Trog accepts your kill.
You feel the effects of Trog's Hand fading.
A nearby plant withers and dies.
The warg bites you!
* * * LOW HITPOINT WARNING * * *
The orc wizard hits you but does no damage.
The shadow hits you.
* * * LOW HITPOINT WARNING * * *
The warg bites you but does no damage. x2
You hit the warg but do no damage. Your headbutt misses the warg.
The warg is almost dead.
You completely miss the warg. You closely miss the orc wizard.
You barely miss the shadow. The warg bites you!
* * * LOW HITPOINT WARNING * * *
The orc wizard hits you but does no damage.
The shadow slips into darkness.
The shadow flickers and vanishes!
Deactivating autopickup; reactivate with Ctrl-A.
You block the warg's attack.
A red film seems to cover your vision as you go berserk!
You feel yourself moving faster!
You feel mighty! The warg barely misses you. You furiously retaliate!
You headbutt the warg!
You kill the warg!
Trog accepts your kill.
The orc wizard mumbles some strange words.
The orc wizard flickers and vanishes!
The shadow strikes at you from the darkness!
You die...

#### ##### ##... .#..
.....## ... .......##..
........#. .........##
..>...h†..##########
......{@...........##
....[${)#...........##
.......##.......)....##
$....##
#...[....###..## ##.##
######...# ##..# #
###..# ##.. ##.# ##.
#.# #. #..###.


You could see a warg.

Vanquished Creatures
  A boulder beetle (D:11)
  A two-headed ogre (D:11)
  An ugly thing (D:11)
  A cyclops (D:9)
  2 kobold demonologists (D:8)
  A troll (D:9)
  A hornet (D:8)
  6 slime creatures (D:8)
  Sigmund (D:5)
  A vampire (D:9)
  A wyvern (D:10)
  A wraith (D:11)
  Eustachio (D:5)
  10 yaks
  2 vampire mosquitoes (D:11)
  4 wargs (D:11)
  Edmund (D:6)
  An acid dragon (D:11)
  A water moccasin (D:7)
  3 orc warriors
  A black bear (D:5)
  3 ogres
  3 centaurs
  3 phantoms
  Blork the orc (D:6)
  6 kobold brigands
  5 bullfrogs
  A scorpion (D:5)
  A gnoll sergeant (D:10)
  2 necrophages
  13 wights
  4 killer bees (D:6)
  2 howler monkeys (D:9)
  A crimson imp (D:6)
  3 jellies
  9 hounds
  9 orc priests
  7 iguanas
  6 orc wizards
  6 gnolls
  6 adders
  A river rat (D:4)
  3 white imps
  4 ufetubi
  2 worms (D:2)
  4 dart slugs
  32 orcs
  16 ball pythons
  3 bats (D:1)
  18 endoplasms
  16 giant cockroaches
  5 goblins
  10 hobgoblins
  11 jackals
  26 kobolds
  8 quokkas
  24 frilled lizards
  6 rats
322 creatures vanquished.

Vanquished Creatures (others)
  4 plants
4 creatures vanquished.

Grand Total: 326 creatures vanquished

Notes
Turn   | Place    | Note
-------+----------+-------------------------------------------
     0 | D:1      | snetch the Minotaur Berserker began the quest for the Orb.
     0 | D:1      | Reached XP level 1. HP: 19/19 MP: 0/0
   153 | D:1      | Reached XP level 2. HP: 27/27 MP: 1/1
   183 | D:1      | Reached skill level 4 in Axes
   235 | D:1      | You fall into a shaft and drop 1 floor!
   241 | D:2      | Identified the +0 pair of gloves "Xeusoff" {rN+ Int+5
                  | Dex-4}
   289 | D:2      | Reached XP level 3. HP: 32/33 MP: 2/2
   562 | D:1      | Reached ** piety under Trog
   604 | D:1      | Reached XP level 4. HP: 37/40 MP: 3/3
   916 | D:1      | Reached skill level 5 in Axes
  1572 | D:4      | Found a white marble altar of Elyvilon.
  1635 | D:4      | Reached XP level 5. HP: 20/47 MP: 4/4
  1643 | D:4      | Found a staircase to the Ecumenical Temple.
  1709 | D:4      | Found a glowing drain.
  1727 | Sewer    | Entered a sewer
  1807 | Sewer    | Reached *** piety under Trog
  2051 | Sewer    | Reached **** piety under Trog
  2058 | Sewer    | Reached skill level 6 in Axes
  2141 | Sewer    | Reached skill level 5 in Fighting
  2141 | Sewer    | Reached XP level 6. HP: 56/56 MP: 5/5
  2212 | D:4      | Reached skill level 1 in Throwing
  2563 | D:3      | Identified the +5 ring mail of Pandemonium {*Corrode rC-
                  | rN+ Str+6}
  2695 | D:3      | Reached XP level 7. HP: 61/62 MP: 6/6
  2855 | D:3      | Found a hazy altar of Hepliaklqana.
  2928 | D:3      | Found a blossoming altar of Fedhas.
  2929 | D:3      | Found a shimmering blue altar of Sif Muna.
  3356 | D:4      | Reached skill level 1 in Maces & Flails
  3376 | D:5      | Entered Level 5 of the Dungeon
  3617 | D:4      | Identified the +1 plate armour of the Frog {rPois rF- rC++
                  | rN+++}
  3787 | D:4      | Reached ***** piety under Trog
  3932 | Temple   | Entered the Ecumenical Temple
  4115 | D:5      | Noticed Sigmund
  4142 | D:5      | Killed Sigmund
  4143 | D:5      | Reached skill level 5 in Armour
  4143 | D:5      | Reached XP level 8. HP: 70/70 MP: 7/7
  4428 | D:5      | Noticed Eustachio
  4438 | D:5      | Killed Eustachio
  4439 | D:5      | Reached skill level 7 in Axes
  4795 | D:6      | Noticed Edmund
  4805 | D:6      | Killed Edmund
  4806 | D:6      | Reached skill level 5 in Maces & Flails
  4848 | D:5      | Reached skill level 1 in Stealth
  5493 | D:6      | Noticed Blork the orc
  5500 | D:6      | Killed Blork the orc
  5501 | D:6      | Reached XP level 9. HP: 71/79 MP: 8/8
  5686 | D:6      | Found a burning altar of Makhleb.
  6060 | D:9      | Noticed a kobold demonologist
  6060 | D:9      | Noticed a kobold demonologist
  6073 | D:8      | Noticed a sun demon
  6076 | D:8      | Killed a kobold demonologist
  6077 | D:8      | Reached skill level 8 in Axes
  6077 | D:8      | Reached skill level 5 in Dodging
  6225 | D:9      | Noticed a troll
  6228 | D:9      | Received a gift from Trog
  6236 | D:8      | Killed a kobold demonologist
  6240 | D:8      | Reached skill level 9 in Axes
  6397 | D:7      | Found an ornate altar of the Wu Jian Council.
  6463 | D:8      | Reached skill level 10 in Axes
  6463 | D:8      | Reached XP level 10. HP: 51/88 MP: 9/9
  6628 | D:7      | Found a glowing golden altar of the Shining One.
  7106 | D:7      | Found a snail-covered altar of Cheibriados.
  7399 | D:8      | Reached skill level 11 in Axes
  7666 | D:9      | Reached skill level 12 in Axes
  8406 | D:8      | Identified the +6 trident of Keshrax {holy, Int+2}
  8519 | D:9      | Received a gift from Trog
  8572 | D:10     | Entered Level 10 of the Dungeon
  8954 | D:9      | Noticed a cyclops
  8962 | D:9      | Killed a cyclops
  9027 | D:9      | Found a broken altar of Ashenzari.
  9253 | D:10     | Reached XP level 11. HP: 40/99 MP: 10/10
  9255 | D:10     | Reached skill level 10 in Fighting
  9514 | D:11     | Noticed a red ugly thing
  9523 | D:11     | Killed a red ugly thing
  9524 | D:11     | Reached skill level 10 in Armour
  9583 | D:11     | Got Jeguc's Almanac of Bedrock and Maleficent Deeds
  9693 | D:11     | Reached skill level 13 in Axes
  9696 | D:11     | Noticed a boulder beetle
  9711 | D:11     | Killed a boulder beetle
  9712 | D:11     | HP: 4/101 [orc warrior/+0 long sword (5)]
  9720 | D:11     | Found a staircase to the Orcish Mines.
  9720 | D:11     | Noticed a two-headed ogre
  9720 | D:11     | HP: 5/101 [orc priest/divine providence (15)]
  9746 | D:11     | Killed a two-headed ogre
  9811 | D:11     | Found a staircase to the Lair.
  9822 | D:11     | Demolished by a shadow

Illustrated notes

Levels and vault maps discovered:
D:1:      minmay_arrival_four_loops, layout_basic, st_stairs_4,
          serial_bayou_crossing
D:2:      layout_basic
D:3:      layout_basic, minitemple, minmay_lizard_king
D:4:      cheibrodos_barr_body, layout_loops_corners,
          mainiacjoe_overflow_brackets, minmay_temple_entry_grid,
          portal_sewer_entry_b, minivault_27
D:5:      layout_gridville, minmay_diced_spiral, uniq_sigmund, uniq_eustachio
D:6:      layout_cave_pods, makhleb_grotto_becter, uniq_blork_the_orc,
          uniq_edmund
D:7:      layout_loops_corners, lemuel_round_altar,
          pdpol_wu_jian_five_deadly_venoms, mainiacjoe_overflow_six_doors_small,
          grunt_ministairs_12, kennysheep_generic_room_10
D:8:      layout_cave_pods
D:9:      layout_cave_pools, mainiacjoe_overflow_concentric_impassable,
          lightli_minifort
D:10:     layout_rooms, kennysheep_little_box, mainiacjoe_overflow_catwalk
D:11:     layout_layer_cave, erik_lair_orcish_takeover, david_orc_3,
          portal_ice_cave_entry_pillars_2
Temple:   minmay_freezing_vapour_temple

Skill      XL: |  1  2  3  4  5  6  7  8  9 10 11 |
---------------+----------------------------------+-----
Fighting       | 4 5 6 7 8 9 10 | 10.6
Axes           | 4 5 6 7 10 12 13 | 13.5
Armour         | 3 5 7 8 9 10 | 10.7
Dodging        | 3 4 5 |  5.7
Throwing       | 1 2 |  2.2
Maces & Flails | 4 5 7 |  7.0
Stealth        | 1 |  1.7
Shields        | |  0.8

Action                   |  1- 3 |  4- 6 |  7- 9 | 10-12 || total
-------------------------+-------+-------+-------+-------++-------
Melee: Hand axe          |    64 |   167 |   102 |       ||   333
       Headbutt          |     7 |    35 |    32 |    35 ||   109
       Punch             |       |     1 |     1 |       ||     2
       Whip              |       |    62 |   113 |       ||   175
       Battleaxe         |       |       |    34 |    24 ||    58
       War axe           |       |       |       |   174 ||   174
Throw: Dart              |       |    18 |       |     8 ||    26
       Stone             |       |     2 |       |       ||     2
Invok: Berserk           |       |     1 |     4 |     3 ||     8
       Trog's Hand       |       |     1 |     1 |     4 ||     6
  Use: Scroll            |       |       |       |     1 ||     1
       Potion            |       |       |       |     2 ||     2
Armor: Animal skin       |     7 |       |       |       ||     7
       Leather armour    |     3 |    54 |       |       ||    57
       Chain mail        |       |    17 |   205 |   128 ||   350
       Scale mail        |       |     6 |       |       ||     6
       Ring mail         |       |     2 |       |       ||     2
Dodge: Dodged            |    47 |   130 |   139 |    88 ||   404
Block: Kite shield       |       |       |       |    21 ||    21

Table legend: (Time is in decaauts)
 A = Elapsed time spent in this place.
 B = Non-inter-level travel time spent in this place.
 C = Inter-level travel time spent in this place.
 D = Time resting spent in this place.
 E = Time spent auto-exploring this place.
 F = Levels seen in this place.
 G = Mean time per level.
                   A        B        C        D        E       F      G
               +--------+--------+--------+--------+--------+-----+--------+
         Total |   9947 |   9557 |    390 |    458 |   5966 |  13 |  765.2 |
       Dungeon |   9407 |   9021 |    386 |    458 |   5747 |  11 |  855.2 |
        Temple |     20 |     16 |      4 |      0 |     13 |   1 |   20.0 |
         Sewer |    519 |    519 |      0 |      0 |    206 |   1 |  519.0 |
               +--------+--------+--------+--------+--------+-----+--------+

Top non-repeatable levels by time:
     D:8: 1264 daAuts
     D:7: 1206 daAuts
     D:4: 1083 daAuts
     D:5: 1073 daAuts
     D:3: 1010 daAuts
     D:6: 839 daAuts
     D:2: 751 daAuts
     D:1: 697 daAuts
     D:9: 682 daAuts
   Sewer: 519 daAuts
    D:10: 438 daAuts
    D:11: 358 daAuts
  Temple: 20 daAuts
